[ AOE2 MATCH · #469710053 ]
Team RMEthiopians vs Sicilians
[ REPLAY ANALYSIS · EXTRACTED FROM THE RECORDED GAME ]
Feudal
13:14
Castle
—
Imperial
—
| APM avg | 23.7 |
| APM peak | 41 |
| eAPM avg | 9.0 |
| Villagers / military | 28 / 11 |
Focus
⚔️ 19.2% · 🌾 80.8%
Archer ×6 · Militia ×3 · Scout Cavalry ×2
Feudal
16:50
Castle
—
Imperial
—
| APM avg | 24.5 |
| APM peak | 55 |
| eAPM avg | 12.3 |
| Villagers / military | 38 / 4 |
Focus
⚔️ 20.4% · 🌾 79.6%
Skirmisher ×4
Feudal
12:14
Castle
—
Imperial
—
| APM avg | 32.6 |
| APM peak | 69 |
| eAPM avg | 16.3 |
| Villagers / military | 32 / 2 |
Focus
⚔️ 20.3% · 🌾 79.7%
Battering Ram ×2
Feudal
11:22
Castle
—
Imperial
—
| APM avg | 45.5 |
| APM peak | 68 |
| eAPM avg | 15.0 |
| Villagers / military | 29 / 11 |
Focus
⚔️ 29.9% · 🌾 70.1%
Spearman ×5 · Scout Cavalry ×4 · Militia ×2
Match map
Initial resources + every placement click. Lines = walls · curves = elevation contours. ◆ gold · ⬟ stone · ● berries · ✦ relic · ◌ wall gap
Your base· Open — unwalled flank
Pepe's base· Open — unwalled flank
Sir Luke's base· Open — unwalled flank
Cykolai's base· Open — unwalled flank
Smoothed initial terrain · ◌ = detected wall gap · hover for details
Inputs per minute
— Dleit Khaa - - Pepe
Build order — Dleit Khaa
69 actions detected in the replay
| 0:03 | Build | House |
| 0:05 | Build | House |
| 0:06 | Create | Villager (Male) |
| 0:06 | Create | Villager (Male) |
| 0:06 | Create | Villager (Male) |
| 0:28 | Create | Villager (Male) |
| 1:39 | Create | Villager (Male) |
| 2:12 | Build | Lumber Camp |
| 2:16 | Create | Villager (Male) |
| 2:45 | Create | Villager (Male) |
| 3:00 | Create | Villager (Male) |
| 3:19 | Build | House |
| 3:23 | Create | Villager (Male) |
| 3:49 | Create | Villager (Male) |
| 4:09 | Build | Mill |
| 4:12 | Create | Villager (Male) |
| 4:37 | Create | Villager (Male) |
| 5:51 | Research | Loom |
| 6:03 | Create | Villager (Male) |
| 6:33 | Create | Villager (Male) |
| 6:50 | Build | House |
| 7:28 | Build | Barracks |
| 7:47 | Create | Villager (Male) |
| 7:48 | Create | Villager (Male) |
| 8:10 | Create | Villager (Male) |
| 8:42 | Create | Villager (Male) |
| 9:14 | Build | House |
| 9:40 | Create | Villager (Male) |
| 9:40 | Create | Villager (Male) |
| 10:39 | Create | Villager (Male) |
| 10:46 | Research | Feudal Age |
| 10:52 | Build | House |
| 11:00 | Build | Lumber Camp |
| 11:39 | Create | Villager (Male) |
| 12:15 | Build | Mining Camp |
| 13:14 | Age | Feudal Age |
| 13:22 | Build | Archery Range |
| 13:26 | Create | Villager (Male) |
| 13:34 | Research | Double-Bit Axe |
| 13:38 | Research | Man-at-Arms (upgrade) |
| 13:54 | Create | Villager (Male) |
| 14:04 | Research | Horse Collar |
| 14:10 | Build | Stable |
| 14:21 | Build | Farm |
| 14:22 | Build | Farm |
| 14:24 | Build | Farm |
| 14:25 | Build | Farm |
| 14:35 | Create | Archer |
| 14:36 | Create | Archer |
| 14:36 | Create | Archer |
| 14:39 | Create | Villager (Male) |
| 14:39 | Create | Villager (Male) |
| 14:39 | Create | Villager (Male) |
| 15:02 | Build | House |
| 15:09 | Build | Palisade Wall |
| 15:13 | Create | Scout Cavalry |
| 15:16 | Create | Militia |
| 15:17 | Create | Militia |
| 15:22 | Create | Archer |
| 15:35 | Build | Blacksmith |
| 15:41 | Build | Farm |
| 15:45 | Create | Villager (Male) |
| 16:18 | Create | Militia |
| 16:24 | Research | Arson |
| 17:25 | Create | Scout Cavalry |
| 17:28 | Create | Archer |
| 17:28 | Create | Archer |
| 17:31 | Build | House |
| 17:32 | Build | House |
Build order — Pepe
79 actions detected in the replay
| 0:02 | Create | Villager (Male) |
| 0:02 | Create | Villager (Male) |
| 0:02 | Create | Villager (Male) |
| 0:02 | Create | Villager (Male) |
| 0:02 | Create | Villager (Male) |
| 0:04 | Build | House |
| 0:05 | Build | House |
| 1:39 | Create | Villager (Male) |
| 1:39 | Create | Villager (Male) |
| 3:15 | Create | Villager (Male) |
| 3:15 | Create | Villager (Male) |
| 3:16 | Create | Villager (Male) |
| 3:16 | Create | Villager (Male) |
| 3:41 | Create | Villager (Male) |
| 3:41 | Create | Villager (Male) |
| 3:59 | Build | Donjon |
| 4:40 | Create | Villager (Male) |
| 4:40 | Create | Villager (Male) |
| 4:52 | Create | Villager (Male) |
| 4:52 | Create | Villager (Male) |
| 5:12 | Build | Palisade Wall |
| 5:15 | Build | Palisade Wall |
| 5:20 | Build | Palisade Wall |
| 5:25 | Create | Villager (Male) |
| 5:37 | Build | Palisade Wall |
| 5:42 | Build | Palisade Wall |
| 5:57 | Create | Villager (Male) |
| 5:58 | Create | Villager (Male) |
| 6:19 | Create | Villager (Male) |
| 6:30 | Build | House |
| 6:38 | Create | Villager (Male) |
| 6:57 | Build | House |
| 7:23 | Build | House |
| 7:25 | Build | Mining Camp |
| 7:29 | Create | Villager (Male) |
| 7:56 | Build | Lumber Camp |
| 8:16 | Create | Villager (Male) |
| 8:16 | Create | Villager (Male) |
| 8:17 | Create | Villager (Male) |
| 8:19 | Create | Villager (Male) |
| 8:19 | Create | Villager (Male) |
| 8:58 | Build | Mill |
| 9:47 | Create | Villager (Male) |
| 9:47 | Research | Loom |
| 10:16 | Build | Barracks |
| 10:21 | Create | Villager (Male) |
| 10:49 | Build | Farm |
| 11:05 | Build | Farm |
| 11:38 | Build | Mining Camp |
| 11:45 | Create | Villager (Male) |
| 12:00 | Build | Farm |
| 12:11 | Create | Villager (Male) |
| 12:13 | Build | Farm |
| 12:36 | Build | Palisade Wall |
| 12:40 | Create | Villager (Male) |
| 12:45 | Build | Farm |
| 13:06 | Create | Villager (Male) |
| 13:10 | Build | Farm |
| 13:33 | Build | Farm |
| 13:41 | Build | Farm |
| 14:11 | Create | Villager (Male) |
| 14:40 | Research | Feudal Age |
| 14:48 | Build | Farm |
| 15:13 | Build | House |
| 15:19 | Build | House |
| 15:59 | Build | Mining Camp |
| 16:11 | Build | Palisade Wall |
| 16:22 | Build | Palisade Wall |
| 16:40 | Build | Mining Camp |
| 16:50 | Age | Feudal Age |
| 16:57 | Build | Archery Range |
| 17:04 | Build | Palisade Wall |
| 17:29 | Create | Skirmisher |
| 17:29 | Create | Skirmisher |
| 17:30 | Create | Skirmisher |
| 17:30 | Create | Skirmisher |
| 17:31 | Create | Villager (Male) |
| 17:32 | Create | Villager (Male) |
| 17:32 | Create | Villager (Male) |
Build order — Sir Luke
64 actions detected in the replay
| 0:02 | Build | House |
| 0:03 | Build | House |
| 0:05 | Create | Villager (Male) ×4 |
| 1:11 | Research | Loom |
| 1:25 | Create | Villager (Male) |
| 1:25 | Create | Villager (Male) |
| 1:50 | Create | Villager (Male) |
| 2:56 | Create | Villager (Male) ×2 |
| 2:56 | Create | Villager (Male) ×2 |
| 3:57 | Create | Villager (Male) |
| 3:58 | Create | Villager (Male) |
| 3:58 | Create | Villager (Male) |
| 4:38 | Build | House |
| 4:44 | Create | Villager (Male) |
| 5:29 | Create | Villager (Male) |
| 5:29 | Create | Villager (Male) |
| 5:29 | Create | Villager (Male) |
| 5:30 | Create | Villager (Male) |
| 5:30 | Create | Villager (Male) |
| 6:15 | Build | Mill |
| 6:47 | Create | Villager (Male) |
| 6:47 | Create | Villager (Male) |
| 7:11 | Build | House |
| 7:53 | Create | Villager (Male) |
| 7:54 | Create | Villager (Male) |
| 7:54 | Create | Villager (Male) |
| 8:01 | Build | House |
| 8:49 | Build | Lumber Camp |
| 8:57 | Create | Villager (Male) |
| 8:57 | Create | Villager (Male) |
| 9:20 | Build | Palisade Wall |
| 9:21 | Build | Palisade Wall |
| 9:22 | Build | Palisade Wall |
| 9:23 | Build | Palisade Wall |
| 9:40 | Build | Palisade Wall |
| 9:41 | Build | Palisade Wall |
| 9:41 | Build | Palisade Wall |
| 9:43 | Build | Palisade Wall |
| 9:43 | Build | Palisade Wall |
| 9:51 | Research | Feudal Age |
| 10:26 | Build | Palisade Wall |
| 11:37 | Create | Villager (Male) |
| 11:37 | Create | Villager (Male) |
| 11:38 | Create | Villager (Male) |
| 11:46 | Build | Mining Camp |
| 12:14 | Age | Feudal Age |
| 12:22 | Build | Town Center |
| 12:37 | Build | House |
| 12:41 | Build | House |
| 13:46 | Build | Palisade Wall |
| 13:48 | Build | Palisade Wall |
| 13:50 | Build | Palisade Wall |
| 15:32 | Build | Blacksmith |
| 15:39 | Build | House |
| 15:54 | Build | Watch Tower |
| 16:56 | Build | Siege Workshop |
| 17:24 | Create | Battering Ram |
| 17:24 | Create | Battering Ram |
| 17:34 | Build | Farm |
| 17:37 | Build | Farm |
| 17:39 | Build | Farm |
| 18:13 | Build | Watch Tower |
| 18:32 | Create | Villager (Male) |
| 18:33 | Create | Villager (Male) |
Build order — Cykolai
70 actions detected in the replay
| 0:02 | Build | House |
| 0:04 | Build | House |
| 0:07 | Create | Villager (Male) |
| 0:08 | Create | Villager (Male) |
| 0:08 | Create | Villager (Male) |
| 0:08 | Create | Villager (Male) |
| 0:08 | Create | Villager (Male) |
| 1:44 | Create | Villager (Male) |
| 1:44 | Create | Villager (Male) |
| 2:09 | Build | Lumber Camp |
| 2:22 | Create | Villager (Male) |
| 2:22 | Create | Villager (Male) |
| 2:23 | Create | Villager (Male) |
| 3:18 | Create | Villager (Male) |
| 3:18 | Create | Villager (Male) |
| 3:18 | Create | Villager (Male) |
| 3:39 | Create | Villager (Male) |
| 3:39 | Create | Villager (Male) |
| 3:44 | Build | House |
| 3:59 | Create | Villager (Male) |
| 3:59 | Create | Villager (Male) |
| 5:30 | Build | Mill |
| 5:32 | Create | Villager (Male) |
| 5:32 | Create | Villager (Male) |
| 5:56 | Create | Villager (Male) |
| 6:25 | Build | House |
| 6:29 | Build | House |
| 7:17 | Create | Villager (Male) |
| 7:19 | Research | Loom |
| 7:48 | Build | House |
| 8:14 | Build | Mining Camp |
| 9:12 | Research | Feudal Age |
| 9:12 | Research | Feudal Age |
| 9:47 | Build | Donjon |
| 9:53 | Build | Palisade Wall |
| 9:55 | Build | Palisade Wall |
| 9:56 | Build | Palisade Wall |
| 9:57 | Build | Palisade Wall |
| 9:59 | Build | House |
| 10:53 | Build | Barracks |
| 11:22 | Age | Feudal Age |
| 11:50 | Build | House |
| 11:54 | Create | Militia |
| 11:54 | Create | Militia |
| 12:04 | Build | Palisade Wall |
| 12:05 | Build | Palisade Wall |
| 12:23 | Build | Stable |
| 12:42 | Create | Spearman |
| 13:01 | Create | Spearman |
| 13:02 | Create | Villager (Male) |
| 13:03 | Create | Villager (Male) |
| 13:31 | Create | Spearman |
| 13:33 | Create | Scout Cavalry |
| 13:37 | Research | Double-Bit Axe |
| 13:51 | Create | Spearman |
| 13:53 | Create | Scout Cavalry |
| 14:15 | Create | Spearman |
| 14:16 | Create | Villager (Male) |
| 14:17 | Create | Scout Cavalry |
| 14:50 | Create | Villager (Male) |
| 15:20 | Create | Villager (Male) |
| 15:20 | Create | Villager (Male) |
| 15:35 | Create | Scout Cavalry |
| 15:54 | Build | Market |
| 15:55 | Build | Palisade Wall |
| 17:13 | Build | Donjon |
| 17:23 | Create | Villager (Male) |
| 17:54 | Build | Farm |
| 17:57 | Build | Farm |
| 17:59 | Create | Villager (Male) |
Match timeline
| 3:59 | Pepe · first_building Donjon |
| 5:12 | Pepe · wall_segment Palisade Wall x3 |
| 5:15 | Pepe · wall_segment Palisade Wall x4 |
| 5:20 | Pepe · wall_segment Palisade Wall x4 |
| 5:37 | Pepe · wall_segment Palisade Wall x1 |
| 5:42 | Pepe · wall_segment Palisade Wall x1 |
| 7:28 | Dleit Khaa · first_building Barracks |
| 9:20 | Sir Luke · wall_segment Palisade Wall x1 |
| 9:21 | Sir Luke · wall_segment Palisade Wall x1 |
| 9:22 | Sir Luke · wall_segment Palisade Wall x1 |
| 9:23 | Sir Luke · wall_segment Palisade Wall x1 |
| 9:40 | Sir Luke · wall_segment Palisade Wall x1 |
| 9:41 | Sir Luke · wall_segment Palisade Wall x1 |
| 9:41 | Sir Luke · wall_segment Palisade Wall x1 |
| 9:43 | Sir Luke · wall_segment Palisade Wall x1 |
| 9:43 | Sir Luke · wall_segment Palisade Wall x1 |
| 9:47 | Cykolai · first_building Donjon |
| 9:53 | Cykolai · wall_segment Palisade Wall x1 |
| 9:55 | Cykolai · wall_segment Palisade Wall x1 |
| 9:56 | Cykolai · wall_segment Palisade Wall x1 |
| 9:57 | Cykolai · wall_segment Palisade Wall x1 |
| 10:16 | Pepe · first_building Barracks |
| 10:26 | Sir Luke · wall_segment Palisade Wall x1 |
| 10:53 | Cykolai · first_building Barracks |
| 11:22 | Cykolai · age_up feudal |
| 12:04 | Cykolai · wall_segment Palisade Wall x1 |
| 12:05 | Cykolai · wall_segment Palisade Wall x1 |
| 12:14 | Sir Luke · age_up feudal |
| 12:23 | Cykolai · first_building Stable |
| 12:36 | Pepe · wall_segment Palisade Wall x8 |
| 13:14 | Dleit Khaa · age_up feudal |
| 13:22 | Dleit Khaa · first_building Archery Range |
| 13:46 | Sir Luke · wall_segment Palisade Wall x1 |
| 13:48 | Sir Luke · wall_segment Palisade Wall x1 |
| 13:50 | Sir Luke · wall_segment Palisade Wall x1 |
| 14:10 | Dleit Khaa · first_building Stable |
| 15:09 | Dleit Khaa · wall_segment Palisade Wall x16 |
| 15:55 | Cykolai · wall_segment Palisade Wall x1 |
| 16:11 | Pepe · wall_segment Palisade Wall x4 |
| 16:22 | Pepe · wall_segment Palisade Wall x2 |
| 16:50 | Pepe · age_up feudal |
| 16:56 | Sir Luke · first_building Siege Workshop |
| 16:57 | Pepe · first_building Archery Range |
| 17:01 | Cykolai · first_market_sell 100 wood |
| 17:04 | Pepe · wall_segment Palisade Wall x1 |
| 17:04 | Cykolai · first_market_buy 100 stone |
| 18:35 | Pepe · resign |
[ AI ANALYSIS · 1 CREDIT ]
What really happened in this match?
Wolo.gg analyzes every decision: build order, eco, micro, common mistakes by bracket. Personalized analysis on WhatsApp or Discord in 30 seconds.
Civ guide
Ethiopians
Map guide
Socotra
Perfil
Jugador #2145685